 Dungeon Crawl Stone Soup version 0.18.1-50-g88ac8fd (webtiles) character file.

130 varam the Sneak (level 4, -1/21 HPs)
             Began as a Spriggan Enchanter on Oct 19, 2016.
             Slain by Korbac's ghost (8 damage)
             ... on level 3 of the Dungeon.
             The game lasted 00:06:40 (2781 turns).

varam the Sneak (Spriggan Enchanter)                Turns: 2781, Time: 00:06:41

Health: -1/21      AC:  3    Str:  4    XL:     4   Next: 90%
Magic:  2/9        EV: 18    Int: 17    God:
Gold:   85         SH:  0    Dex: 16    Spells: 3 memorised, 2 levels left

rFire  . . .     SeeInvis +     a - +1 dagger
rCold  . . .     Gourm    .     b - +1 robe
rNeg   . . .     Faith    .     (shield restricted)
rPois  .         Spirit   .     (helmet restricted)
rElec  .         Dismiss  .     (no cloak)
rCorr  .         Reflect  .     (gloves unavailable)
SustAt .         Harm     .     (boots unavailable)
MR     .....                    (no amulet)
Stlth  ++++......               (no ring)
                                (no ring)

@: very quick, not resistant to hostile enchantments, stealthy
A: unfitting armour, see invisible, herbivore 3, speed 3, slow metabolism 2
a: no special abilities


You were on level 3 of the Dungeon.
You were not hungry.

You visited 1 branch of the dungeon, and saw 4 of its levels.

You collected 85 gold pieces.

Inventory:

Hand Weapons
 a - a +1 dagger (weapon)
Armour
 b - a +1 robe (worn)
Scrolls
 e - 2 scrolls of identify {unknown}
 i - 2 scrolls of remove curse {unknown}
 k - a scroll of noise {unknown}
 l - a scroll of fear {unknown}
 m - a scroll of enchant armour {unknown}
Potions
 f - a potion of brilliance {unknown}
 g - 2 potions of might {unknown}
 h - 5 potions of curing {unknown}
 j - a potion of flight {unknown}
Books
 c - a book of Maledictions

   Spells                             Type                      Level
   a - Corona                         Hexes                        1
   b - Ensorcelled Hibernation        Hexes/Ice                    2
   c - Confuse                        Hexes                        3
   d - Tukima's Dance                 Hexes                        3
   e - Dazzling Spray                 Conjuration/Hexes            3
Comestibles
 d - 3 bread rations


   Skills:
 * Level 3.5 Short Blades
 - Level 3.0 Dodging
 + Level 7.0 Stealth
 - Level 2.6 Spellcasting
 - Level 3.6 Hexes


You had 2 spell levels left.
You knew the following spells:

 Your Spells              Type           Power        Failure   Level  Hunger
a - Ensorcelled Hibernat  Hex/Ice        #.....       17%         2    ##.....
b - Corona                Hex            ##.....      4%          1    #......
c - Confuse               Hex            ##......     14%         3    ###....


Dungeon Overview and Level Annotations

Branches:
Dungeon (4/15)
 Temple: D:4-7

Altars:
Vehumet

Annotations:
D:3 Korbac's ghost, amateur HuWn
D:4 Grinder


Innate Abilities, Weirdness & Mutations

You are tiny and cannot use many weapons and most armour.
You have supernaturally acute eyesight.
You are a herbivore.
You cover ground extremely quickly.
You need consume almost no food.


Message History

* * * LOW HITPOINT WARNING * * *
You hit Korbac's ghost.
Korbac's ghost is heavily damaged.
Korbac's ghost closely misses you.
You hit Korbac's ghost but do no damage.
Korbac's ghost is heavily damaged.
You barely miss Korbac's ghost.
Korbac's ghost is heavily damaged.
You hit Korbac's ghost but do no damage.
Korbac's ghost is heavily damaged.
Korbac's ghost misses you.
You hit Korbac's ghost.
Korbac's ghost is heavily damaged.
You hit Korbac's ghost.
Korbac's ghost is heavily damaged.
Korbac's ghost seems less confused.
Korbac's ghost barely misses you.
You hit Korbac's ghost but do no damage.
Korbac's ghost is heavily damaged.
Korbac's ghost hits you!
You die...

####### #########
...%..####.......#
#####......#####.#
######## #.# #.#
##.## #.#.# ##.##
####### #@#
#.....# #W#
#.....# ####)###
#.....# #...รท..##
#.....# #.......#
#.....# #.##.#..#
####.####
#.##.#..#
#.......#
#.##.#..#
#.###.#.#
#.......#


You could see Korbac's ghost.

Vanquished Creatures
  Ijyb (D:2)
  Robin (D:2)
  An adder (D:3)
  An ooze (D:2)
  3 worms (D:2)
  3 dart slugs
  A giant gecko (D:2)
  4 giant cockroaches
  13 goblins
  10 hobgoblins
  2 jackals (D:1)
  A quokka (D:2)
  A ball python (D:2)
  4 bats
  3 giant newts
  7 kobolds
  7 rats
63 creatures vanquished.

Notes
Turn   | Place    | Note
--------------------------------------------------------------
     0 | D:1      | varam the Spriggan Enchanter began the quest for the Orb.
     0 | D:1      | Reached XP level 1. HP: 9/9 MP: 5/5
   190 | D:1      | Reached XP level 2. HP: 11/13 MP: 4/6
   194 | D:1      | Learned a level 2 spell: Ensorcelled Hibernation
   234 | D:1      | Reached skill level 5 in Stealth
  1093 | D:1      | Reached XP level 3. HP: 16/16 MP: 4/8
  1098 | D:1      | Learned a level 3 spell: Confuse
  1171 | D:2      | Noticed Ijyb
  1190 | D:2      | Killed Ijyb
  1190 | D:2      | Reached skill level 6 in Stealth
  1346 | D:2      | Noticed Robin
  1369 | D:3      | Noticed Korbac's ghost (amateur HuWn)
  1392 | D:2      | Reached XP level 4. HP: 13/21 MP: 2/9
  1521 | D:2      | Killed Robin
  2554 | D:3      | Reached skill level 7 in Stealth
  2680 | D:4      | Found a radiant altar of Vehumet.
  2687 | D:4      | Noticed Grinder
  2781 | D:3      | Slain by Korbac's ghost

Skill      XL: |  1  2  3  4 |
---------------+-------------+-----
Stealth        | 5 6 7 |  7.0
Short Blades   | 2 3 |  3.5
Dodging        | |  3.0
Spellcasting   | |  2.6
Hexes          | |  3.6

Action                   |  1- 3 |  4- 6 || total
-------------------------+-------+-------++-------
Melee: Dagger            |   107 |   141 ||   248
 Cast: Corona            |     7 |       ||     7
       Ensorcelled Hiber |    14 |    13 ||    27
       Confuse           |     4 |    16 ||    20
 Stab: Sleeping          |    19 |    15 ||    34
       Confused          |     4 |     6 ||    10
  Eat: Bread ration      |       |     1 ||     1
Armor: Robe              |    17 |     3 ||    20
Dodge: Dodged            |    84 |    83 ||   167
